 Dungeon Crawl Stone Soup version 0.31.0-12-g77e489cdc1 (webtiles) character file.

Game seed: 799835138879801288

5056 Curundu the Cleaver (level 10, -2/127 (135) HPs)
             Began as a Minotaur Berserker on Feb 22, 2024.
             Was an Elder of Trog.
             Killed from afar by an electric eel (7 damage)
             ... with a bolt of electricity
             ... on level 8 of the Dungeon.
             The game lasted 00:24:46 (8508 turns).

Curundu the Cleaver (Minotaur Berserker)            Turns: 8508, Time: 00:24:47

HP:   -2/127 (135)  AC: 19    Str: 26    XL:     10   Next: 31%
MP:   9/9           EV:  8    Int:  4    God:    Trog [****..]
Gold: 811           SH: 10    Dex: 10    Spells: 9/9 levels left

rFire   . . .        x - +3 war axe (venom)
rCold   . . .        n - +0 buckler
rNeg    . . .        z - +0 plate armour
rPois   .            (helmet restricted)
rElec   .            w - +2 cloak
rCorr   .            (no gloves)
SInv    .            t - +1 pair of boots {Fly}
Will    ++...        j - amulet of reflection Stlth
                     (no ring)
HPRegen 1.41/turn    (no ring)
MPRegen 0.11/turn

%: reflection
@: berserking, strong-willed (expiring), flying, regenerating (expiring),
drained, very quick
A: horns 2, retaliatory headbutt
a: Renounce Religion, Berserk, Trog's Hand, Brothers in Arms


You were on level 8 of the Dungeon.
You worshipped Trog.
Trog was greatly pleased with you.
You visited 1 branch of the dungeon, and saw 8 of its levels.
You also visited: Ossuary and Bailey.

You collected 811 gold pieces.

Inventory:

Hand Weapons
 x - a +3 war axe of venom (weapon)
 y - a +0 broad axe
Missiles
 a - 17 boomerangs (quivered)
 g - a throwing net
Armour
 n - a +0 buckler (worn)
 t - a +1 pair of boots of flying (worn)
 w - a +2 cloak (worn)
 z - a +0 plate armour (worn)
Jewellery
 j - an amulet of reflection (around neck)
Wands
 l - a wand of quicksilver (7)
 o - a wand of flame (24)
Scrolls
 b - a scroll of fog
 e - 5 scrolls of teleportation
 i - a scroll of revelation
 k - 3 scrolls of amnesia
 m - a scroll of identify
 q - a scroll of poison
 r - a scroll of silence
Potions
 c - a potion of magic
 d - 2 potions of heal wounds
 f - a potion of haste
 h - 4 potions of curing
 p - 3 potions of mutation {unknown}
 s - 4 potions of lignification
 u - 2 potions of attraction {unknown}
 v - a potion of enlightenment


   Skills:
 + Level 8.8 Fighting
 + Level 11.7 Axes
 + Level 0.8 Throwing
 * Level 8.0 Armour
 + Level 5.5 Dodging
 - Level 1.0 Stealth
 * Level 6.9 Shields


You had 9 spell levels left.
You didn't know any spells.
Your spell library was empty.

Dungeon Overview and Level Annotations

Branches:
Dungeon (8/15)             Temple (0/1) D:7            Lair (0/5) D:8
Ossuary (visited)          Bailey (visited)

Altars:
Gozag
Nemelex Xobeh
Okawaru
Ru
The Shining One

Annotations:
D:8 1 transporter


Innate Abilities, Weirdness & Mutations

You have a pair of horns on your head.
You reflexively headbutt those who attack you in melee.


Message History

You miss the electric eel. You headbutt the electric eel.
The electric eel is almost dead.
You slash the electric eel!
You kill the electric eel!
Trog accepts your kill.
The electric eel shoots out a bolt of lightning at you!
The bolt of electricity misses you.
The bolt of electricity hits the electric eel.
The electric eel completely resists.
The bolt of electricity hits the electric eel.
The electric eel completely resists.
The electric eel shoots out a bolt of lightning at you!
The bolt of electricity hits you!
* * * LOW HITPOINT WARNING * * *
The bolt of electricity hits the electric eel.
The electric eel completely resists.
The bolt of electricity hits the electric eel.
The electric eel completely resists.
The bolt of electricity hits you.
* * * LOW HITPOINT WARNING * * *
A red film seems to cover your vision as you go berserk!
You feel yourself moving faster!
You feel mighty!
You closely miss the electric eel.
The electric eel is almost dead.
You feel the effects of Trog's Hand fading.
You barely miss the electric eel.
The electric eel is almost dead.
The electric eel shoots out a bolt of lightning at you!
The bolt of electricity hits you!
* * * LOW HITPOINT WARNING * * *
The bolt of electricity misses the electric eel.
The bolt of electricity hits the electric eel.
The electric eel completely resists.
The electric eel shoots out a bolt of lightning at you!
The bolt of electricity hits you!
* * * LOW HITPOINT WARNING * * *
The bolt of electricity hits the electric eel.
The electric eel completely resists.
The bolt of electricity hits the electric eel.
The electric eel completely resists.
The bolt of electricity hits you!
You die...

###.# #)# #.# #...<.# #..>
#...####.# #.# #.....# ###.
#.#...[..# #.# #.....# #.
.......### #.#####.....# #.
....##.######.#.......####### #.
............................####.
...#.#.####.###############......
..........#.#8~#S~~~~~~#P8#.####.
#..######...#..#@....?.#..#..###.
..## #..©#©.'...♣...+(©#©...#.
### ##..#..#..(....#..#......
##.#8P#S~~~~~~#P8#.#..#.
#.###############......
#.................#...#
#...#######.#######.#.# ###.#
#>....# #.#.# ###.### #..<..#
#....


You could see 2 electric eels.

Vanquished Creatures
  Psyche (D:8)
  A hornet (D:6)
  A vampire (D:7)
  The ghost of TheUltimateLifeform the Chopper, an amateur HOFi (D:3)
  2 steam dragons
  A sky beast (D:7)
  7 orc warriors (Bailey)
  2 ice beasts
  2 black bears
  4 ogres
  3 centaurs
  2 phantoms
  A bullfrog (D:8)
  2 gnoll sergeants (D:8)
  2 scorpions
  17 wights
  An electric eel (D:8)
  A human zombie (Ossuary)
  2 hounds
  An orc priest (D:8)
  Crazy Yiuf (D:6)
  A bombardier beetle (D:4)
  A gnoll bouda (D:7)
  3 jellies
  A sleepcap (D:5)
  Natasha (twice) (D:2)
  3 iguanas
  3 orc wizards
  A hound zombie (Ossuary)
  4 mummies (Ossuary)
  20 gnolls
  9 adders
  3 white imps
  2 ufetubi (D:7)
  An adder zombie (Ossuary)
  2 dart slugs
  15 orcs
  5 ball pythons
  4 bats
  11 endoplasms
  8 giant cockroaches
  9 goblins
  12 hobgoblins
  4 jackals (D:1)
  4 quokkas
  3 frilled lizards
  2 goblin zombies (Ossuary)
  A hobgoblin zombie (Ossuary)
  A jackal zombie (Ossuary)
  22 kobolds
  A kobold zombie (Ossuary)
  3 orc zombies (Ossuary)
  2 rats
  A rat zombie (Ossuary)
219 creatures vanquished.

Vanquished Creatures (others)
  A goblin (D:7)
1 creature vanquished.

Grand Total: 220 creatures vanquished

Notes
Turn   | Place    | Note
-------+----------+-------------------------------------------
     0 | D:1      | Curundu the Minotaur Berserker began the quest for the Orb.
     0 | D:1      | Reached XP level 1. HP: 19/19 MP: 0/0
   136 | D:1      | Reached XP level 2. HP: 21/27 MP: 1/1
   213 | D:1      | Reached skill level 4 in Axes
   385 | D:1      | Reached XP level 3. HP: 31/33 MP: 2/2
   907 | D:2      | Noticed Natasha
   914 | D:2      | Killed Natasha
   915 | D:2      | Reached XP level 4. HP: 33/41 MP: 3/3
  1099 | D:2      | Reached ** piety under Trog
  1210 | D:2      | Reached skill level 5 in Axes
  1403 | D:2      | Reached skill level 5 in Fighting
  1506 | D:2      | Noticed Natasha
  1520 | D:2      | Killed Natasha
  1521 | D:2      | Reached XP level 5. HP: 33/48 MP: 4/4
  2087 | D:3      | Found a transporter.
  2088 | D:3      | Noticed TheUltimateLifeform's ghost (amateur HOFi)
  2088 | D:3      | Noticed an ogre
  2089 | D:3      | Noticed an ogre
  2153 | D:3      | Reached skill level 6 in Axes
  2312 | D:3      | Reached XP level 6. HP: 56/56 MP: 5/5
  2488 | D:3      | Found an opulent altar of Gozag.
  2578 | D:3      | Found a transporter.
  2774 | D:3      | Reached skill level 7 in Axes
  2775 | D:3      | Killed TheUltimateLifeform's ghost
  2776 | D:3      | Reached skill level 1 in Stealth
  2776 | D:3      | Reached XP level 7. HP: 34/63 MP: 6/6
  3390 | D:4      | Reached skill level 1 in Shields
  3886 | D:5      | Entered Level 5 of the Dungeon
  3959 | D:5      | Reached skill level 8 in Axes
  4193 | D:5      | Reached XP level 8. HP: 57/71 MP: 7/7
  4435 | D:5      | Found a glowing golden altar of the Shining One.
  5216 | D:6      | Reached skill level 9 in Axes
  5466 | D:6      | Noticed a hornet
  5473 | D:6      | Killed a hornet
  5474 | D:6      | Reached skill level 5 in Dodging
  5690 | D:6      | Found a sparkling altar of Nemelex Xobeh.
  5707 | D:6      | Reached skill level 5 in Armour
  5723 | D:6      | Found a sand-covered staircase.
  5728 | Ossuary  | Entered an ossuary
  6079 | D:6      | Found a runed translucent door.
  6080 | D:6      | Noticed Crazy Yiuf
  6091 | D:6      | Killed Crazy Yiuf
  6213 | D:6      | Reached XP level 9. HP: 80/80 MP: 8/8
  6529 | D:7      | Reached *** piety under Trog
  6535 | D:7      | Found a flagged portal.
  6562 | D:7      | Reached skill level 10 in Axes
  6599 | Bailey   | Entered a bailey
  6770 | Bailey   | Reached skill level 5 in Shields
  7027 | Bailey   | Identified the +0 pair of boots of the Fife {Fly Will+
                  | Str+5 Dex-4}
  7135 | D:7      | Identified the +0 leather armour of Amorous Life {rF-
                  | rN+++}
  7154 | D:7      | Reached skill level 11 in Axes
  7188 | D:7      | Found a sacrificial altar of Ru.
  7359 | D:7      | Reached **** piety under Trog
  7398 | D:7      | Reached XP level 10. HP: 79/89 MP: 9/9
  7444 | D:7      | Found an iron altar of Okawaru.
  7487 | D:7      | Found a staircase to the Ecumenical Temple.
  7679 | D:8      | Found a transporter.
  7705 | D:8      | Noticed Psyche
  7725 | D:8      | Killed Psyche
  7948 | D:8      | Found a staircase to the Lair.
  8181 | D:8      | Found a transporter.
  8508 | D:8      | HP: 5/127 [electric eel/bolt of electricity (13)]
  8508 | D:8      | Killed from afar by an electric eel

Illustrated notes

Levels and vault maps discovered:
D:1:      matt_arrival_grand_opening, layout_loops_ring
D:2:      layout_loops_corners, minmay_quantized, uniq_natasha
D:3:      layout_loops_ring, mainiacjoe_overflow_paths, gammafunk_ghost_smash,
          nicolae_half_adder
D:4:      layout_basic
D:5:      minmay_evil_eye, layout_cave_pods, tso_metal_star, serial_park,
          serial_park_square1 [serial_park_minivault_5x5_1], serial_park_tiny_2,
          serial_park_square1 [serial_park_minivault_5x5_2],
          serial_park_avenue1, sigmund_army
D:6:      layout_rooms, nicolae_overflow_hidden_temple,
          nicolae_ossuary_entry_plus, nicolae_houndstooth_variations,
          uniq_crazy_yiuf_cottage
D:7:      layout_rooms, mainiacjoe_overflow_24_doors,
          mainiacjoe_overflow_concentric_impassable,
          minmay_temple_entry_butterflies, enter_bailey_3
D:8:      gammafunk_steamed_eel, layout_loops_cross, lair_entry_dummy,
          uniq_psyche

Skill      XL: |  1  2  3  4  5  6  7  8  9 10 |
---------------+-------------------------------+-----
Fighting       | 4 5 6 7 8 |  8.8
Axes           | 4 5 6 7 8 9 11 | 11.7
Dodging        | 3 4 5 |  5.5
Stealth        | 1 |  1.0
Armour         | 3 5 7 8 |  8.0
Shields        | 2 4 6 |  6.9
Throwing       | |  0.8

Action                     |  1- 3 |  4- 6 |  7- 9 | 10-12 || total
---------------------------+-------+-------+-------+-------++-------
  Melee: Hand axe          |    56 |   111 |   182 |       ||   349
         Headbutt          |     7 |    10 |    57 |    10 ||    84
         Punch             |     1 |     2 |       |       ||     3
         War axe           |       |       |   114 |    73 ||   187
  Throw: Boomerang         |       |       |     5 |       ||     5
 Invoke: Trog's Hand       |       |     3 |     2 |     3 ||     8
         Berserk           |       |     2 |     4 |     1 ||     7
    Use: Scroll            |       |       |     7 |     8 ||    15
         Potion            |       |       |     2 |       ||     2
 Armour: Animal skin       |    29 |    72 |    84 |       ||   185
         Scale mail        |       |       |   106 |       ||   106
         Plate armour      |       |       |    40 |    88 ||   128
  Dodge: Dodged            |    29 |    58 |   148 |    36 ||   271
  Block: Buckler           |       |       |    70 |    45 ||   115
         Reflection        |       |       |     2 |       ||     2
